Map: Dusk Towers

Players

rhsJung

  • Race: Terran Terran
  • League: Platinum

A.I. 1 (Harder) - Winner!

  • Race: Protoss Protoss

VOD

https://www.youtube.com/watch?v=5N4pt_VGCiY

Description

Time

  • Played on: March 15, 2016, 1:40 p.m.
  • Length: 9:45
Show
View Real Time Build Order
Export as new Build Order

rhsJung Terran 

Build Orders: Reaper Expand, MMM Bio 

Get SALT Encoding   

  12  0:02  SCV  
  13  0:14  SCV  
  14  0:18  Supply Depot  
  14  0:26  SCV  
  15  0:39  SCV  
  15  0:41  Barracks  
  16  0:45  Refinery  
  16  0:52  SCV  
  17  1:04  SCV  
  18  1:18  SCV  
  19  1:29  Reaper  
  19  1:31  Orbital Command  
  20  1:42  Command Center  
  20  1:54  Supply Depot  
  20  1:57  SCV  
  21  2:02  Barracks Reactor  
  21  2:09  SCV  
  21  2:11  Barracks  
  22  2:17  Barracks  
  22  2:21  SCV  
  23  2:34  SCV  
  24  2:39  Marine x2  
  24  2:40  Bunker  
  26  2:47  SCV  
  27  2:54  Orbital Command  
  27  2:58  Barracks Tech Lab  
  27  2:59  Marine x2  
  27  3:00  SCV  
  30  3:06  Marine  
  31  3:14  SCV  
  31  3:18  Stimpack, Marauder  
  34  3:22  Refinery, SCV  
  35  3:27  SCV  
  35  3:28  Marine x3  
  39  3:36  Supply Depot, SCV  
  39  3:40  SCV  
  41  3:44  Marauder  
  43  3:54  SCV  
  43  3:55  SCV, Engineering Bay  
  45  3:57  Marine  
  46  4:06  Marine, SCV  
  46  4:07  Marine  
  49  4:12  Supply Depot  
  49  4:15  Marauder  
  51  4:17  Marine  
  51  4:18  SCV  
  53  4:24  Terran Infantry Weapons Level 1  
  53  4:25  Factory  
  53  4:28  Marine  
  54  4:34  Marine, SCV, Supply Depot  
  54  4:35  SCV  
  57  4:39  Marine  
  57  4:40  Marauder  
  60  4:47  Marine  
  60  4:48  Supply Depot  
  60  4:49  SCV  
  62  4:56  Marine, SCV  
  62  4:59  Marine  
  65  5:01  SCV  
  65  5:07  Marine, Marauder  
  66  5:10  Starport  
  66  5:13  Factory Reactor, Command Center  
  69  5:14  SCV  
  69  5:15  SCV  
  69  5:16  Marine x2  
  73  5:24  Supply Depot  
  73  5:25  Refinery  
  73  5:26  Refinery, Marine  
  74  5:30  SCV  
  74  5:31  SCV  
  74  5:32  Combat Shields  
  74  5:34  Marine  
  74  5:35  Marine  
  78  5:45  SCV  
  78  5:46  Marauder  
  78  5:48  Supply Depot  
  78  5:49  SCV  
  82  5:51  Marine  
  83  5:57  SCV  
  83  5:59  Supply Depot, Medivac  
  86  6:09  Factory Reactor, SCV, Barracks, Medivac  
  86  6:10  Barracks  
  89  6:11  Marine x2  
  89  6:13  Marauder  
  89  6:15  SCV, Barracks Reactor  
  94  6:19  Terran Infantry Armor Level 1  
  94  6:24  Supply Depot  
  94  6:25  Orbital Command  
  94  6:27  SCV  
  94  6:31  SCV  
  96  6:33  Marine  
  96  6:35  Medivac  
  96  6:38  Marine x2  
  101  6:45  SCV  
  101  6:46  SCV  
  99  6:52  SCV  
  99  6:53  Concussive Shells  
  100  6:54  Marine x2  
  100  6:55  Marine  
  100  6:56  Marauder  
  100  6:57  SCV  
  100  6:58  Barracks Tech Lab, SCV  
  100  7:00  Factory Reactor  
  107  7:02  Armory, Supply Depot  
  107  7:04  SCV  
  107  7:05  Engineering Bay  
  107  7:07  Marine x2  
  110  7:09  SCV  
  110  7:11  SCV  
  110  7:12  Marine  
  110  7:13  Medivac x2  
  117  7:16  SCV  
  118  7:23  Marine, SCV  
  118  7:24  Marine x3  
  118  7:25  Marauder  
  125  7:30  Marine x2  
  127  7:37  Marine  
  127  7:38  Supply Depot x2  
  127  7:40  Supply Depot  
  127  7:43  Supply Depot  
  128  7:45  Marine  
  128  7:46  Marine x2  
  128  7:47  Marine  
  132  7:53  SCV  
  132  7:57  Barracks  
  133  7:59  Factory Reactor, Marine x2  
  133  8:04  Supply Depot, SCV, Marine  
  133  8:05  Marine, Marauder  
  140  8:06  Medivac x2  
  140  8:09  Marine  
  140  8:10  Marauder  
  140  8:12  Refinery x2, Marine  
  148  8:17  SCV  
  148  8:18  Supply Depot  
  149  8:21  Marine x2  
  149  8:22  Marine  
  152  8:32  SCV  
  152  8:33  Marine x3  
  158  8:34  Marauder  
  158  8:36  Medivac x2  
  158  8:40  Marine x2  
  164  8:47  SCV  
  164  8:48  Marine x2, Widow Mine  
  166  8:53  Supply Depot  
  169  8:57  Marine x4, Command Center  
  169  9:02  Marine x2  
  177  9:03  Marauder  
  177  9:09  Marine  
  181  9:15  Marine, Marauder, Supply Depot x2  
  184  9:22  Marine x4, SCV  
  184  9:23  Barracks  
  189  9:30  Factory Reactor  
  195  9:39  Supply Depot  
  195  9:44  Supply Depot  
Show
View Real Time Build Order
Export as new Build Order

A.I. 1 (Harder) Protoss - Winner!

Build Orders:  

Get SALT Encoding   

  12  0:01  Probe (Chrono Boost)  
  13  0:11  Probe (Chrono Boost)  
  14  0:20  Pylon  
  14  0:22  Probe (Chrono Boost)  
  15  0:38  Probe (Chrono Boost)  
  16  0:47  Assimilator  
  16  0:49  Probe (Chrono Boost), Gateway  
  17  1:00  Probe (Chrono Boost), Pylon  
  18  1:10  Probe (Chrono Boost)  
  19  1:21  Probe (Chrono Boost)  
  20  1:36  Zealot  
  20  1:39  Cybernetics Core  
  22  1:42  Gateway  
  22  1:46  Assimilator  
  22  2:00  Pylon  
  22  2:13  Adept  
  22  2:19  Warp Gate  
  24  2:27  Adept  
  26  2:39  Zealot, Pylon  
  28  2:52  Stalker  
  30  3:05  Adept  
  32  3:19  Pylon  
  32  3:21  Adept  
  34  3:31  Adept  
  36  3:37  Probe (Chrono Boost)  
  37  3:48  Adept  
  38  3:49  Probe (Chrono Boost)  
  38  3:55  Pylon  
  40  3:56  Stalker  
  40  4:01  Probe (Chrono Boost)  
  43  4:09  Forge  
  43  4:13  Probe (Chrono Boost)  
  43  4:14  Adept  
  47  4:24  Probe (Chrono Boost)  
  47  4:34  Zealot  
  47  4:36  Probe (Chrono Boost)  
  50  4:50  Adept  
  52  5:59  Protoss Ground Weapons Level 1  
  52  6:04  Sentry  
  52  6:07  Gateway  
  52  6:08  Pylon  
  52  6:10  Photon Cannon  
  54  6:12  Stalker  
  54  6:13  Photon Cannon, Nexus  
  54  6:16  Robotics Facility  
  56  6:26  Sentry  
  58  6:34  Stalker  
  58  6:37  Pylon  
  48  6:48  Sentry  
  50  6:55  Stargate  
  50  6:56  Stalker  
  52  7:03  Observer  
  52  7:04  Zealot  
  52  7:06  Twilight Council  
  55  7:12  Forge, Stalker  
  57  7:20  Stalker  
  59  7:23  Observer  
  59  7:27  Probe (Chrono Boost)  
  59  7:28  Sentry, Probe (Chrono Boost)  
  64  7:35  Protoss Ground Armor Level 1, Blink  
  64  7:40  Probe x2 (Chrono Boost)  
  66  7:46  Pylon  
  66  7:51  Probe (Chrono Boost)  
  67  7:53  Pylon, Probe (Chrono Boost)  
  68  8:02  Probe (Chrono Boost)  
  68  8:04  Probe (Chrono Boost)  
  70  8:14  Photon Cannon, Probe (Chrono Boost)  
  70  8:15  Probe (Chrono Boost)  
  70  8:19  Photon Cannon  
  72  8:25  Probe (Chrono Boost)  
  74  8:27  Probe (Chrono Boost)  
  74  8:36  Probe (Chrono Boost)  
  75  8:45  Assimilator  
  75  8:51  Assimilator  
  75  9:08  Probe x2 (Chrono Boost)  
  77  9:19  Probe (Chrono Boost)  
  77  9:21  Probe (Chrono Boost)  
  79  9:30  Probe (Chrono Boost)  
Tags
 
Composition
MMM Bio
League
Platinum
Matchup
PvT
Add a new tag
Caveats
  • Supply blocks, unpowered buildings, or Contaminate may cause inaccurate times.
  • Supply counts are checked every 10 seconds.